 Dungeon Crawl Stone Soup version 0.32-a0-13-gbaedc5810e (webtiles) character file.

Game seed: 953839477281351488

2695 sloppysteve the Grappler (level 9, -4/84 HPs)
             Began as a Troll Fighter on Jan 15, 2024.
             Was a Follower of Makhleb.
             Slain by Maurice
             ... wielding a +0 dagger
              (7 damage)
             ... on level 7 of the Dungeon.
             The game lasted 00:21:35 (5983 turns).

sloppysteve the Grappler (Troll Fighter)            Turns: 5983, Time: 00:21:35

Health: -4/84      AC:  0    Str: 28    XL:     9   Next: 38%
Magic:  0/8        EV: 21    Int:  6    God:    Makhleb [*.....]
Gold:   0          SH:  0    Dex: 14    Spells: 8/8 levels left

rFire   . .          .
                       - Unarmed
rCold   . . .        b - melded +0 kite shield
rNeg    . . .        a - melded +0 robe
rPois   .            (helmet currently unavailable)
rElec   .            m - melded +0 cloak
rCorr   .            (gloves unavailable)
SInv    .            (boots unavailable)
Will    .....        (no amulet)
Stlth   ++           n - melded ring of positive energy
HPRegen 1.14/turn    (ring currently unavailable)
MPRegen 0.11/turn

%: no passive effects
@: mighty, bat-form, flying, very quick
A: fast, flying, no casting, tiny, unfitting armour, (claws 3), regeneration 1,
(shaggy fur 1), (tough skin 1)
a: Renounce Religion


You were on level 7 of the Dungeon.
You worshipped Makhleb.
Makhleb was aware of your devotion.
You were a bat.
You visited 1 branch of the dungeon, and saw 8 of its levels.

Inventory:

Missiles
 d - a poisoned dart (quivered)
 f - 43 stones
Armour
 a - a +0 robe (melded)
 b - a +0 kite shield (melded)
 m - a +0 cloak (melded)
Jewellery
 n - a ring of positive energy (melded)
Wands
 p - a wand of paralysis (10)
Scrolls
 h - 3 scrolls of immolation
 i - a scroll of teleportation
 l - 2 scrolls of fear
 t - a scroll of poison
Potions
 e - 2 potions of mutation {unknown}
 g - 2 potions of curing
 j - a potion of invisibility {unknown}
 k - a potion of lignification {unknown}
 o - a potion of ambrosia {unknown}
 q - a potion of resistance {unknown}
 r - a potion of cancellation {unknown}


   Skills:
 * Level 4.2 Fighting
 * Level 5.3 Dodging
 * Level 2.2 Stealth
 * Level 5.6 Shields
 * Level 8.6 Unarmed Combat


You had 8 spell levels left.
You didn't know any spells.
Your spell library contained the following spells:

 Spells                   Type           Power      Damage    Failure   Level
 Freeze                   Ice            0%         1d3       45%         1
 Sandblast                Erth           0%         2d4       45%         1
 Call Imp                 Summ           0%         N/A       58%         2
 Cigotuvi's Dreadful Rot  Necr/Alch/Air  0%         N/A       58%         2
 Ensorcelled Hibernation  Hex/Ice        0%         N/A       58%         2
 Sublimation of Blood     Necr           0%         N/A       58%         2
 Frozen Ramparts          Ice            0%         1d1       83%         3
 Gell's Gravitas          Tloc           0%         N/A       83%         3
 Hailstorm                Conj/Ice       0%         3d5       83%         3
 Passwall                 Erth           0%         N/A       83%         3
 Stone Arrow              Conj/Erth      0%         3d7       83%         3
 Swiftness                Air            0%         N/A       83%         3
 Teleport Other           Tloc           0%         N/A       83%         3
 Brom's Barrelling Bould  Conj/Erth      0%         2d3       99%         4
 Ignite Poison            Fire/Alch      0%         N/A       99%         4
 Alistair's Intoxication  Alch           0%         N/A       100%        5
 Borgnjor's Vile Clutch   Necr/Erth      0%         N/A       100%        5
 Freezing Cloud           Conj/Ice/Air   0%         6-21      100%        5
 Dispersal                Tloc           0%         N/A       100%        6
 Eringya's Noxious Bog    Alch           0%         4d6       100%        6
 Summon Hydra             Summ           0%         N/A       100%        7


Dungeon Overview and Level Annotations

Branches:
Dungeon (8/15)             Temple (0/1) D:7
   Lair: D:8-11

Altars:
Dithmenos
Elyvilon
Fedhas
Makhleb
Okawaru
Uskayaw
Vehumet
Xom

Shops:
D:1 [

Annotations:
D:7 Maurice


Innate Abilities, Weirdness & Mutations

You are a bat.
You are tiny and dextrous.
You move quickly.
You are flying.
Your equipment is almost entirely melded.
You are incapable of wielding weapons or throwing items.
You cannot cast spells.
You are too large for most types of armour.
((You have claws for hands.))
Your natural rate of healing is unusually fast.
((You are covered in fur. (AC +1)))
((You have tough skin. (AC +1)))


Message History

Something bites you.
You feel your power leaking away. Something drains your magic.
Something blocks your attack. Something hits you!
* * * LOW HITPOINT WARNING * * *
Something grunts, "Curses!"
Something bites you.
* * * LOW HITPOINT WARNING * * *
Something drains your magic.
You mangle something!! Something hits you.
* * * LOW HITPOINT WARNING * * *
Something grunts, "Curses!"
Something bites you.
* * * LOW HITPOINT WARNING * * *
Something drains your magic.
You feel very mighty all of a sudden.
You hear some strange, mumbled words.
You hear a zap.
You turn into a bat.
Your +0 cloak melds into your body.
Your +0 kite shield melds into your body.
Your +0 robe melds into your body.
Your ring of positive energy melds into your body.
You barely miss something. Something hits you!
* * * LOW HITPOINT WARNING * * *
Something groans, "What are you, a monk?"
Something bites you.
* * * LOW HITPOINT WARNING * * *
Something drains your magic.
You miss something. Something hits you.
* * * LOW HITPOINT WARNING * * *
Something grunts, "Curses!"
Something bites you!
* * * LOW HITPOINT WARNING * * *
You feel your power leaking away. Something drains your magic.
You closely miss something. Something hits you.
* * * LOW HITPOINT WARNING * * *
Something groans, "What are you, a monk?"
Something bites you!
You die...

#...........# #......#
#...........#
##########
........._..##### ####
#..
#.#####.........##....
#+#
.....##..P..#.........
..
#......................
#......................
#.................#....
#.....b.........!.#....
#.....{...####....+
#.........# .##.#.
#.........# .# .#..
#........<# ...##
#.........### ###)..
#########...# #.....
#.#.# #..... #.#...
#.....


There were no monsters in sight!

Vanquished Creatures
  Grinder (D:6)
  A wyvern (D:7)
  2 orc warriors (D:6)
  2 ice beasts
  A black bear (D:6)
  2 ogres
  The ghost of losten the Slasher, an amateur DsGl (D:3)
  2 centaurs
  4 phantoms
  A kobold brigand (D:6)
  2 bullfrogs
  2 scorpions
  5 killer bees (D:7)
  A howler monkey (D:7)
  A bombardier beetle (D:5)
  2 hounds (D:6)
  A jelly (D:6)
  Crazy Yiuf (D:3)
  3 orc priests
  4 orc wizards
  2 iguanas (D:5)
  A sleepcap (D:7)
  Robin (D:3)
  2 adders
  A white imp (D:7)
  6 ufetubi (D:5)
  2 ribbon worms
  5 dart slugs
  18 orcs
  6 ball pythons
  14 bats
  6 endoplasms
  3 giant cockroaches
  17 goblins
  9 hobgoblins
  4 jackals (D:2)
  11 kobolds
  3 quokkas
  4 frilled lizards
  6 rats
160 creatures vanquished.

Notes
Turn   | Place    | Note
-------+----------+-------------------------------------------
     0 | D:1      | sloppysteve the Troll Fighter began the quest for the Orb.
     0 | D:1      | Reached XP level 1. HP: 22/22 MP: 0/0
    77 | D:1      | Reached XP level 2. HP: 29/29 MP: 1/1
   235 | D:1      | Reached XP level 3. HP: 32/36 MP: 2/2
   286 | D:1      | Found Haosunk's Antique Armour Shoppe.
   819 | D:2      | Found a faded altar of an unknown god.
  1225 | D:2      | Reached skill level 3 in Unarmed Combat
  1365 | D:2      | Reached XP level 4. HP: 34/44 MP: 3/3
  1819 | D:3      | Found a shadowy altar of Dithmenos.
  1837 | D:3      | Noticed a phantom
  1860 | D:3      | Killed a phantom
  1861 | D:3      | Reached XP level 5. HP: 52/52 MP: 4/4
  1922 | D:3      | Noticed a phantom
  1930 | D:3      | Killed a phantom
  1931 | D:3      | Reached skill level 4 in Unarmed Combat
  2043 | D:3      | Noticed Robin
  2086 | D:3      | Killed Robin
  2087 | D:3      | Reached XP level 6. HP: 54/61 MP: 5/5
  2232 | D:3      | Found a runed translucent door.
  2232 | D:3      | Noticed losten's ghost (amateur DsGl)
  2304 | D:3      | Found a runed translucent door.
  2305 | D:3      | Noticed Crazy Yiuf
  2583 | D:3      | Killed losten's ghost
  2610 | D:3      | Killed Crazy Yiuf
  3108 | D:4      | Reached skill level 5 in Unarmed Combat
  3206 | D:4      | Reached XP level 7. HP: 62/67 MP: 6/6
  3561 | D:5      | Entered Level 5 of the Dungeon
  3579 | D:5      | Reached skill level 1 in Stealth
  3595 | D:5      | Found a hide-covered altar of Uskayaw.
  3863 | D:5      | Reached skill level 6 in Unarmed Combat
  4121 | D:5      | Found a radiant altar of Vehumet.
  4122 | D:5      | Found a burning altar of Makhleb.
  4122 | D:5      | Found a white marble altar of Elyvilon.
  4123 | D:5      | Found a shimmering altar of Xom.
  4126 | D:5      | Found an iron altar of Okawaru.
  4351 | D:5      | Became a worshipper of Makhleb the Destroyer
  4514 | D:6      | Reached XP level 8. HP: 51/75 MP: 7/7
  4850 | D:6      | Reached * piety under Makhleb
  4880 | D:6      | Noticed Grinder
  4929 | D:6      | Reached skill level 7 in Unarmed Combat
  5022 | D:6      | Paralysed by Grinder for 5 turns
  5031 | D:6      | Paralysed by Grinder for 4 turns
  5037 | D:6      | Killed Grinder
  5065 | D:6      | Noticed a brown ugly thing
  5202 | D:6      | Reached skill level 5 in Shields
  5341 | D:7      | Noticed Maurice
  5341 | D:7      | Noticed a manticore
  5443 | D:7      | Found a blossoming altar of Fedhas.
  5489 | D:7      | Reached skill level 5 in Dodging
  5491 | D:7      | Reached skill level 8 in Unarmed Combat
  5491 | D:7      | Reached XP level 9. HP: 73/84 MP: 8/8
  5597 | D:7      | Found a staircase to the Ecumenical Temple.
  5936 | D:7      | Something stole 256 gold
  5937 | D:7      | Something stole 13 poisoned darts
  5941 | D:7      | Something stole 36 gold
  5944 | D:7      | Something stole a +0 tower shield
  5982 | D:7      | HP: 4/84 [something (8)]
  5983 | D:7      | Slain by Maurice

Illustrated notes

Levels and vault maps discovered:
D:1:      amcnicky_arrival_gap_in_the_tavern_cellar, layout_loops_ring,
          serial_shops, shop
D:2:      layout_basic, shapermc_ecumenical_altar_flowoftime
D:3:      layout_basic, mainiacjoe_overflow_chevrons, gammafunk_ghost_grave,
          roderic_serpentine_path, uniq_robin, uniq_crazy_yiuf_cottage
D:4:      layout_cave_pods
D:5:      layout_loops_ring, minitemple, hangedman_abyss_or_decor_stagger,
          nicolae_titane
D:6:      kennysheep_big_flooded_room, layout_basic,
          minmay_large_rounded_square, uniq_grinder
D:7:      layout_basic, fedhas_altar_3, minmay_temple_entry_hall, uniq_maurice
D:8:      layout_rooms, ebering_ghost_gozag, serial_bayou_pond_b,
          kennysheep_generic_room_8

Skill      XL: |  1  2  3  4  5  6  7  8  9 |
---------------+----------------------------+-----
Shields        | 3 4 5 |  5.6
Unarmed Combat | 3 4 5 6 8 |  8.6
Dodging        | 3 4 5 |  5.3
Fighting       | 3 4 |  4.2
Stealth        | 1 2 |  2.2

Action                     |  1- 3 |  4- 6 |  7- 9 || total
---------------------------+-------+-------+-------++-------
  Melee: Unarmed           |   146 |   134 |   295 ||   575
    Use: Scroll            |     3 |     3 |     5 ||    11
         Potion            |       |       |     2 ||     2
   Stab: Sleeping          |     2 |       |       ||     2
         Fleeing           |       |       |     1 ||     1
 Armour: Robe              |    83 |    64 |   191 ||   338
         Skin              |       |       |    48 ||    48
  Dodge: Dodged            |    42 |    39 |   133 ||   214
  Block: Kite shield       |    53 |    45 |   133 ||   231

Table legend: (Time is in decaauts)
 A = Elapsed time spent in this place.
 B = Non-inter-level travel time spent in this place.
 C = Inter-level travel time spent in this place.
 D = Time resting spent in this place.
 E = Time spent auto-exploring this place.
 F = Levels seen in this place.
 G = Mean time per level.
                   A        B        C        D        E       F      G
               +--------+--------+--------+--------+--------+-----+--------+
         Total |   5988 |   5443 |    545 |    143 |   3512 |   8 |  748.5 |
       Dungeon |   5988 |   5443 |    545 |    143 |   3512 |   8 |  748.5 |
               +--------+--------+--------+--------+--------+-----+--------+

Top non-repeatable levels by time:
     D:2: 1059 daAuts
     D:6: 942 daAuts
     D:5: 939 daAuts
     D:3: 935 daAuts
     D:4: 862 daAuts
     D:1: 718 daAuts
     D:7: 527 daAuts
     D:8: 3 daAuts
